Map: Odyssey LE

Players

Revolution

  • Race: Zerg Zerg
  • Spawn Location: 11:00

Zanster - Winner!

  • Race: Zerg Zerg
  • Spawn Location: 5:00

Event: WCS Montreal 2017

VOD

Have the link to the VOD?

Description

Time

  • Played on: Sept. 8, 2017, 2:36 p.m.
  • Length: 7:20

All games in this series

Show
View Real Time Build Order
Export as new Build Order

Revolution Zerg 

Build Orders: 1 Base Baneling Bust, Pool First, Zergling Baneling 

Get SALT Encoding   

  12  0:00  Drone  
  13  0:15  Extractor  
  12  0:27  Spawning Pool, Drone  
  12  0:32  Drone  
  13  0:38  Drone  
  14  0:47  Extractor  
  14  0:48  Drone  
  15  0:56  Overlord  
  15  1:14  Metabolic Boost, Zergling x4  
  17  1:28  Zergling x2  
  18  1:38  Baneling Nest  
  18  1:39  Zergling x2  
  18  1:49  Zergling x2  
  18  1:53  Queen  
  21  1:55  Zergling x2  
  22  2:10  Extractor  
  22  2:11  Zergling x2  
  23  2:21  Baneling x2  
  23  2:22  Overlord, Baneling x2  
  23  2:41  Zergling x2  
  23  2:42  Zergling x2  
  22  3:08  Zergling x10  
  23  3:18  Baneling x2  
  23  3:19  Zergling x2  
  23  3:28  Zergling x2  
  24  3:38  Baneling  
  24  3:42  Zergling x8  
  24  3:44  Baneling x2  
  24  3:45  Baneling  
  25  4:03  Zergling x2  
  25  4:04  Zergling x2  
  25  4:22  Drone x3  
  27  4:35  Hatchery  
  25  4:41  Drone x4  
  29  4:47  Lair  
  29  4:50  Overlord  
  29  5:03  Extractor  
  26  5:18  Drone  
  26  5:19  Drone x4  
  30  5:29  Drone  
  30  5:31  Drone  
  32  5:42  Drone  
  32  5:49  Zergling x2  
  33  5:54  Queen  
  33  5:56  Drone x3  
  37  6:09  Spire  
  35  6:16  Drone x2  
  35  6:17  Drone x2  
  37  6:22  Baneling x2  
  37  6:26  Queen  
  37  6:31  Extractor  
  38  6:32  Extractor  
  38  6:33  Overlord  
  38  6:34  Drone x2  
  38  6:36  Drone  
  40  6:45  Zergling x4  
  42  6:50  Baneling  
  42  6:51  Baneling  
Show
View Real Time Build Order
Export as new Build Order

Zanster Zerg - Winner!

Build Orders: Hatch First 

Get SALT Encoding   

  12  0:00  Drone  
  13  0:12  Overlord  
  13  0:16  Drone  
  14  0:31  Drone x2  
  14  0:34  Drone  
  17  0:53  Hatchery  
  17  0:54  Drone  
  17  0:57  Drone  
  18  1:08  Extractor  
  17  1:13  Spawning Pool  
  17  1:15  Drone  
  17  1:18  Drone  
  18  1:28  Drone  
  19  1:39  Drone  
  20  1:50  Overlord  
  20  2:01  Queen  
  22  2:04  Queen  
  22  2:05  Zergling x2  
  22  2:06  Zergling x2  
  26  2:10  Metabolic Boost  
  26  2:12  Zergling x2  
  27  2:17  Drone  
  28  2:23  Drone  
  28  2:27  Drone  
  30  2:35  Baneling Nest  
  30  2:36  Zergling x2  
  30  2:40  Queen, Zergling x2  
  30  2:52  Zergling x2  
  30  2:53  Zergling x2  
  30  2:56  Zergling x2  
  30  2:58  Queen  
  30  3:07  Zergling x4  
  29  3:14  Zergling x2  
  29  3:18  Baneling x2  
  29  3:19  Baneling  
  30  3:22  Zergling x4  
  32  3:30  Zergling x2  
  35  3:45  Baneling x2  
  35  3:48  Overlord, Drone  
  35  4:02  Overlord  
  35  4:07  Drone x3  
  35  4:08  Drone  
  38  4:13  Drone x4  
  38  4:16  Drone  
  41  4:19  Drone  
  41  4:23  Drone  
  43  4:27  Drone  
  43  4:29  Drone  
  45  4:36  Lair  
  44  4:47  Spine Crawler  
  44  4:50  Zergling x6  
  45  4:55  Drone x3  
  48  5:00  Overlord  
  48  5:03  Overlord  
  47  5:16  Baneling x3  
  47  5:18  Drone x6  
  47  5:21  Extractor  
  51  5:23  Drone  
  51  5:24  Drone  
  51  5:25  Drone  
  51  5:27  Drone  
  51  5:28  Drone  
  56  5:30  Extractor  
  56  5:31  Drone  
  56  5:32  Extractor  
  55  5:41  Drone  
  55  5:42  Spire, Drone  
  56  5:45  Drone  
  56  5:46  Overlord  
  56  5:48  Drone  
  58  5:53  Drone x2  
  58  5:56  Overlord  
  57  6:14  Zergling x6  
  57  6:15  Zergling x10  
  63  6:23  Zergling x2  
  64  6:27  Zergling x2  
  64  6:28  Hatchery  
  64  6:31  Overlord  
  64  6:36  Zergling x2  
  64  6:37  Zergling x6  
  68  6:44  Zergling x8  
  72  6:50  Overlord  
Tags
 
Add a new tag
Caveats
  • Supply blocks, unpowered buildings, or Contaminate may cause inaccurate times.
  • Supply counts are checked every 10 seconds.